 Dungeon Crawl Stone Soup version 0.21-a0-39-g28ea6b7 (webtiles) character file.

81 seren the Cutter (level 4, -13/30 HPs)
             Began as a Halfling Fighter on May 30, 2017.
             Killed from afar by Ijyb (22 damage)
             ... with a wand of lightning (?/15)
             ... on level 3 of the Dungeon.
             The game lasted 00:05:45 (2412 turns).

seren the Cutter (Halfling Fighter)                 Turns: 2412, Time: 00:05:52

Health: -13/30     AC:  8    Str: 17    XL:     4   Next: 68%
Magic:  4/4        EV:  8    Int:  7    God:
Gold:   125        SH:  9    Dex: 13    Spells: 3/3 levels left

rFire    . . .     SeeInvis .   a - +0 rapier
rCold    . . .     Gourm    .   c - +0 shield
rNeg     . . .     Faith    .   y - +0 scale mail
rPois    .         Spirit   .   (no helmet)
rElec    .         Reflect  .   (no cloak)
rCorr    .         Harm     .   (no gloves)
MR       .....                  t - +0 pair of boots
Stlth    ..........             (no amulet)
Regen    0.1/turn               (no ring)
MPRegen  0.1/turn               (no ring)

@: no status effects
A: mutation resistance 1
a: no special abilities


You were on level 3 of the Dungeon.
You were not hungry.

You visited 1 branch of the dungeon, and saw 3 of its levels.

You collected 125 gold pieces.

Inventory:

Hand Weapons
 a - a +0 rapier (weapon)
 b - a +0 hunting sling
Missiles
 e - 2 throwing nets (quivered)
 v - 112 stones
 w - 3 sling bullets
Armour
 c - a +0 shield (worn)
 t - a +0 pair of boots (worn)
 y - a +0 scale mail (worn)
Jewellery
 A - an uncursed ring of resist corrosion {unknown}
Scrolls
 g - 2 scrolls of amnesia {unknown}
 j - 2 scrolls of teleportation {unknown}
 k - a scroll of recharging {unknown}
 o - a scroll of fear {unknown}
 p - 2 scrolls of remove curse {unknown}
 q - a scroll of identify {unknown}
 B - a scroll of magic mapping {unknown}
Potions
 d - a potion of might
 h - 3 potions of flight {unknown}
 m - a potion of cancellation {unknown}
 n - 2 potions of heal wounds {unknown}
 r - a potion of mutation {unknown}
 s - a potion of degeneration {unknown}
 z - a potion of brilliance {unknown}
 C - a potion of haste {unknown}
Comestibles
 f - a bread ration
 i - 2 meat rations
 l - 2 royal jellies
 u - 2 fruits
 x - a chunk of flesh


   Skills:
 - Level 2.6 Fighting
 + Level 5.4 Short Blades
 - Level 3.2 Armour
 - Level 3.2 Shields


You had 3 spell levels left.
You didn't know any spells.

Dungeon Overview and Level Annotations

Branches:
Dungeon (3/15)

Altars:
Cheibriados
Makhleb
Wu Jian
Zin

Annotations:
D:3 Ijyb


Innate Abilities, Weirdness & Mutations

You are small and have problems with some larger weapons.
You are somewhat resistant to further mutation.


Message History

Some of the chunks of flesh in your inventory have rotted away.
You open the door.
Found a short sword.
There is an open door here.
Found a leather armour.
B - a scroll labeled DOOCSU FOTAPE You see here a leather armour.
You found a teleport trap!
Found a green potion.
Some of the chunks of flesh in your inventory have rotted away.
C - a green potion Some of the chunks of flesh in your inventory have rotted away.
Ijyb the Twisted Goblin comes into view.
She is wielding a club.
Ijyb shouts!
Ijyb zaps a wand.
The bolt of lightning hits you!
Ouch! That really hurt!
* * * LOW HITPOINT WARNING * * *
The bolt of lightning hits you!
Ouch! That really hurt!
You die...

##...## .#
##.....## .#
##.......#
..###......... ..g
+......... ..#
#......... ###.#
#.......# #...#
##.....## #@#
##...## #.# ##'##
#####.### #.#
#.......#
#####.###
#.###.#.#
#...#...# #.#
#.#.# #.......#
#.#
#.#.#####[...)..#
#.#
#.................
#.#
###^#####...#.####


You could see Ijyb.

Vanquished Creatures
  3 adders (D:2)
  An ooze (D:1)
  A worm (D:2)
  3 orcs (D:3)
  A ball python (D:1)
  2 giant cockroaches
  5 hobgoblins
  5 kobolds (D:1)
  A quokka (D:2)
  7 bats
  2 frilled lizards
  6 goblins
  7 rats
44 creatures vanquished.

Notes
Turn   | Place    | Note
-------+----------+-------------------------------------------
     0 | D:1      | seren the Halfling Fighter began the quest for the Orb.
     0 | D:1      | Reached XP level 1. HP: 15/15 MP: 1/1
    72 | D:1      | Reached skill level 3 in Short Blades
    98 | D:1      | Reached XP level 2. HP: 18/20 MP: 2/2
   319 | D:1      | Reached XP level 3. HP: 25/25 MP: 3/3
   347 | D:1      | Reached skill level 4 in Short Blades
   979 | D:2      | Found a faded altar of an unknown god.
  1201 | D:2      | Found a snail-covered altar of Cheibriados.
  1222 | D:2      | Reached XP level 4. HP: 19/30 MP: 4/4
  1401 | D:2      | Reached skill level 5 in Short Blades
  1973 | D:2      | Found a burning altar of Makhleb.
  1976 | D:2      | Found a glowing silver altar of Zin.
  1979 | D:2      | Found an ornate altar of the Wu Jian Council.
  2412 | D:3      | Noticed Ijyb
  2412 | D:3      | Killed from afar by Ijyb

Vault maps used:
D:1:      erik_arrival_cave_to_civilisation, minivault_23
D:2:      lemuel_crystal_altar, grunt_temple_overflow_diamond,
          chequers_ecumenical_altar_simple
D:3:      feat_on_display, uniq_natasha, uniq_ijyb

Skill      XL: |  1  2  3  4 |
---------------+-------------+-----
Short Blades   | 3 4 5 |  5.4
Fighting       | |  2.6
Armour         | |  3.2
Shields        | |  3.2

Action                   |  1- 3 |  4- 6 || total
-------------------------+-------+-------++-------
Melee: Rapier            |   121 |    36 ||   157
 Fire: Hunting sling     |       |    15 ||    15
Throw: Stone             |       |     9 ||     9
  Eat: Chunk             |     1 |     4 ||     5
Armor: Scale mail        |    62 |    10 ||    72
Dodge: Dodged            |    38 |    11 ||    49
Block: Shield            |    74 |    14 ||    88
